 Dungeon Crawl Stone Soup version 0.31.0-1-g2c135a0 (webtiles) character file.

Game seed: 11790073407073277808

49 bonegar the Magician (level 3, -6/19 HPs)
             Began as a Deep Elf Hedge Wizard on Apr 1, 2024.
             Killed by divine providence
             ... invoked by an orc priest
              (12 damage)
             ... on level 3 of the Dungeon.
             The game lasted 00:13:23 (1816 turns).

bonegar the Magician (Deep Elf Hedge Wizard)        Turns: 1816, Time: 00:13:24

Health: -6/19      AC:  6    Str:  7    XL:     3   Next: 53%
Magic:  9/11       EV: 13    Int: 20    God:
Gold:   125        SH:  0    Dex: 14    Spells: 6/11 levels left

rFire   . . .        a - +0 dagger
rCold   . . .        (no shield)
rNeg    . . .        b - +0 robe
rPois   +            c - +0 hat
rElec   .            (no cloak)
rCorr   .            (no gloves)
SInv    .            (no boots)
Will    .....        e - amulet of magic regeneration
Stlth   ++           n - +4 ring of protection
HPRegen 0.23/turn    s - ring of poison resistance
MPRegen 0.52/turn

%: no passive effects
@: on blink cooldown
A: no striking features
a: no special abilities


You were on level 3 of the Dungeon.
You visited 1 branch of the dungeon, and saw 3 of its levels.

You collected 125 gold pieces.

Inventory:

Hand Weapons
 a - a +0 dagger (weapon)
 i - the +3 sling of Fortitude {heavy, Will+}
   (You found it on level 2 of the Dungeon)

   Will+:     It increases your willpower.
Armour
 b - a +0 robe (worn)
 c - a +0 hat (worn)
Jewellery
 e - an amulet of magic regeneration (around neck)
 g - an amulet of guardian spirit
 n - a +4 ring of protection (left hand)
 s - a ring of poison resistance (right hand)
Talismans
 p - a serpent talisman
Scrolls
 f - a scroll of identify
 j - 2 scrolls of blinking {unknown}
 k - a scroll of vulnerability {unknown}
 l - a scroll of enchant weapon {unknown}
 m - a scroll of teleportation {unknown}
Potions
 d - a potion of magic
 o - a potion of attraction {unknown}
 q - a potion of lignification {unknown}
 r - a potion of ambrosia {unknown}
 t - a potion of curing {unknown}


   Skills:
 + Level 3.0 Dodging
 + Level 3.0 Stealth
 + Level 4.8 Spellcasting
 + Level 1.8 Conjurations
 + Level 1.7 Summonings
 + Level 1.7 Translocations


You had 6 spell levels left.
You knew the following spells:

 Your Spells              Type           Power      Damage    Failure   Level
a - Magic Dart            Conj           48%        1d5       5%          1
b - Blink                 Tloc           22%        N/A       9%          2
c - Call Imp              Summ           22%        N/A       9%          2

Your spell library contained the following spells:

 Spells                   Type           Power      Damage    Failure   Level
 Slow                     Hex            16%        N/A       12%         1
 Cigotuvi's Dreadful Rot  Necr/Alch/Air  8%         N/A       19%         2
 Mephitic Cloud           Conj/Alch/Air  7%         N/A       28%         3


Dungeon Overview and Level Annotations

Branches:
Dungeon (3/15)

Altars:


Message History

You are very lightly contaminated with residual magic.
Nothing appears to happen.
The orc priest barely misses your cerulean imp.
Your cerulean imp barely misses the orc priest.
The orc priest barely misses you.
Casting: Magic Dart (safe; 5% risk of failure)
Confirm with . or Enter, or press ? or * to list all spells.
Aiming: Magic Dart (safe; 5% risk of failure)
Press: ? - help, Shift-Dir - straight line, f/p - orc priest
Aim: an orc priest, wielding a +0 whip and wearing a +0 leather armour (100% to hit)
The magic dart hits the orc priest but does no damage.
The orc priest hits your cerulean imp with a +0 flail!
Your cerulean imp dies!
Your cerulean imp disappears in a puff of smoke!
The orc priest calls down the wrath of Beogh upon you.
Beogh smites you!
Ouch! That really hurt!
Casting: Magic Dart (safe; 5% risk of failure)
Confirm with . or Enter, or press ? or * to list all spells.
Aiming: Magic Dart (safe; 5% risk of failure)
Press: ? - help, Shift-Dir - straight line, f/p - orc priest
Aim: an orc priest, wielding a +0 whip and wearing a +0 leather armour (100% to hit)
The magic dart hits the orc priest but does no damage.
The orc priest shouts!
The orc priest hits you with a +0 whip.
* * * LOW HITPOINT WARNING * * *
Casting: Magic Dart (safe; 5% risk of failure)
Confirm with . or Enter, or press ? or * to list all spells.
You blink.
You hear the slow rusting of a distant drain.
The orc priest miscasts a cantrip.
The air fills with toxic fumes!
As you read the scroll of poison, it crumbles to dust.
The orc priest looks braver for a moment.
Your magical contamination has completely faded away.
The orc shouts!
The orc priest mumbles some strange prayers to Beogh against you.
Beogh smites you!
Ouch! That really hurt!
You die...

#.oo..o§#.§§# #.#####§##§§# #.#
#§§§§§§§# #.###§§o§§§§#####
#5#§§§§§§§§§....#
#.#.#§§o§§#####)#
..oo..o...#§§§§§# #)#
..oo.##.#####.### #.# #>..
#.#####@#######)## ##<#
#.o...§§§........##
#.########§##########..##
##....# #§ ##..##### #...# #
##......
#)#############################
#..............................
###..#..#..#..#..#..#..#..#..#..
#...........[...................


You could see an orc priest and 2 orcs.

Vanquished Creatures
  An adder (D:2)
  A ribbon worm (D:2)
  A dart slug (D:1)
  3 orcs (D:3)
  A bat (D:1)
  3 endoplasms
  A giant cockroach (D:2)
  A goblin (D:1)
  A hobgoblin (D:2)
  3 jackals (D:1)
  3 quokkas
  2 ball pythons
  A kobold (D:1)
  3 rats
25 creatures vanquished.

Vanquished Creatures (collateral kills)
  2 orcs (D:3)
  An endoplasm (D:2)
3 creatures vanquished.

Grand Total: 28 creatures vanquished

Notes
Turn   | Place    | Note
-------+----------+-------------------------------------------
     0 | D:1      | bonegar the Deep Elf Hedge Wizard began the quest for the
                  | Orb.
     0 | D:1      | Reached XP level 1. HP: 10/10 MP: 7/7
   150 | D:1      | Noticed a great orb of eyes
   151 | D:1      | Found a faded altar of an unknown god.
   156 | D:1      | Noticed an eye of devastation
   156 | D:1      | Noticed a golden eye
   156 | D:1      | Noticed a glass eye
   421 | D:1      | Reached XP level 2. HP: 15/15 MP: 7/9
   661 | D:2      | Identified the +3 sling of Fortitude {heavy, Will+}
   931 | D:2      | Learned a level 2 spell: Blink
   934 | D:2      | Learned a level 2 spell: Call Imp
   977 | D:2      | Reached XP level 3. HP: 19/19 MP: 8/11
  1816 | D:3      | Killed from afar by an orc priest

Illustrated notes

Levels and vault maps discovered:
D:1:      minmay_arrival_glassed_features, layout_basic,
          hellmonk_ecumenical_altar_watching_god
D:2:      wad_lake_hut, layout_loops_ring, minmay_split_cup_large
D:3:      layout_loops_ring, gup_sewer_entry_pipe, columned_hall_lemuel

Skill      XL: |  1  2  3 |
---------------+----------+-----
Stealth        | 3 |  3.0
Dodging        | 3 |  3.0
Spellcasting   | |  4.8
Conjurations   | |  1.8
Summonings     | |  1.7
Translocations | |  1.7

Action                     || total
---------------------------++-------
  Melee: Dagger            ||     9
   Cast: Magic Dart        ||    75
         Call Imp          ||     7
         Blink             ||     1
    Use: Scroll            ||     2
   Stab: Sleeping          ||     1
 Armour: Robe              ||    17
  Dodge: Dodged            ||    36
